 Dungeon Crawl Stone Soup version 0.27-a0-1202-ge72e49191c (webtiles) character file.

Game seed: 17913705209002921433

56 Morbidden the Gusty (level 3, 4/25 HPs)
             Began as a Demonspawn Air Elementalist on June 4, 2021.
             Quit the game on level 2 of the Dungeon.
             The game lasted 00:02:34 (1798 turns).

Morbidden the Gusty (Demonspawn Air Elementalist)   Turns: 1798, Time: 00:02:35

Health: 4/25       AC:  6    Str:  8    XL:     3   Next: 71%
Magic:  0/6        EV: 12    Int: 17    God:
Gold:   70         SH:  0    Dex: 13    Spells: 3/6 levels left

rFire    . . .     SeeInvis .   (no weapon)
rCold    . . .     Faith    .   (no shield)
rNeg     . . .     Spirit   .   a - +0 robe
rPois    .         Reflect  .   g - +0 helmet
rElec    .         Harm     .   (no cloak)
rCorr    .         Rampage  .   (no gloves)
Will     .....                  e - +0 pair of boots
Stlth    ++........             (no amulet)
HPRegen  0.08/turn              (no ring)
MPRegen  0.10/turn              (no ring)

@: lethally poisoned (4 -> -1), very slightly contaminated, invisible
A: thin metallic scales 1
a: no special abilities


You were on level 2 of the Dungeon.
You visited 1 branch of the dungeon, and saw 2 of its levels.

You collected 70 gold pieces.

Inventory:

Missiles
 c - 8 poisoned darts
Armour
 a - a +0 robe (worn)
 e - a +0 pair of boots (worn)
 g - a +0 helmet (worn)
Scrolls
 f - a scroll of enchant weapon {unknown}
 h - a scroll of noise {unknown}


   Skills:
 * Level 0.7 Fighting
 + Level 1.9 Dodging
 + Level 1.8 Stealth
 * Level 2.4 Spellcasting
 * Level 1.8 Conjurations
 * Level 3.4 Air Magic


You had 3 spell levels left.
You knew the following spells:

 Your Spells              Type           Power      Damage    Failure   Level
a - Shock                 Conj/Air       40%        1d5       6%          1
b - Static Discharge      Conj/Air       10%        N/A       10%         2

Your spell library contained the following spells:

 Spells                   Type           Power      Damage    Failure   Level
 Swiftness                Air            13%        N/A       14%         3
 Airstrike                Air            6%         N/A       41%         4
 Lightning Bolt           Conj/Air       5%         1d17      87%         5


Dungeon Overview and Level Annotations

Branches:
Dungeon (2/15)

Altars:


Innate Abilities, Weirdness & Mutations

You are partially covered in thin metallic scales. (AC +2)


Message History

Casting: Shock (safe; 6% risk of failure)
Confirm with . or Enter, or press ? or * to list all spells.
Aiming: Shock (safe; 6% risk of failure)
Press: ? - help, Shift-Dir - straight line The zap hits the adder.
The adder is moderately wounded.
The zap hits the adder.
The adder is severely wounded.
The adder bites you.
You are poisoned.
The adder poisons you! The adder bites you.
You are lethally poisoned!
The adder poisons you!
Unknown command.
Unknown command.
It was a potion of invisibility.
You fade into invisibility!
You feel very sick. The adder closely misses you.
You are very lightly contaminated with residual magic.
Unknown command.
You miss the adder.
The adder is severely wounded.
* * * LOW HITPOINT WARNING * * *
You feel sick. The adder barely misses you.
You barely miss the adder.
The adder is severely wounded.
* * * LOW HITPOINT WARNING * * *
You feel sick. The adder closely misses you. x2
You miss the adder.
The adder is severely wounded.
* * * LOW HITPOINT WARNING * * *
You feel sick. The adder bites you but does no damage.
Unknown command.
Casting: Shock (safe; 6% risk of failure)
Confirm with . or Enter, or press ? or * to list all spells.
You don't have enough magic to cast this spell.
Unknown command.
Unknown command.
Are you sure you want to abandon this character and quit the game? (Confirm with "yes".)

.....##....##
.........⌠.#
...##.....## .
##.#....#
####..##...##
#......#....#
#......##.>.#
##.......#...#
#.###.>.#.@..#####
#......).S.#.#
#.#####.†#.#.#
###..#.#.#
#....#.# #.#..#..
#...##.. .
#######..###....
................


You could see an adder.

Vanquished Creatures
  2 gnolls (D:1)
  2 dart slugs (D:1)
  2 bats
  3 endoplasms
  2 giant cockroaches (D:1)
  6 goblins
  3 hobgoblins
  A quokka (D:1)
  3 ball pythons (D:1)
  A frilled lizard (D:2)
  3 kobolds
  3 rats (D:1)
31 creatures vanquished.

Notes
Turn   | Place    | Note
-------+----------+-------------------------------------------
     0 | D:1      | Morbidden the Demonspawn Air Elementalist began the quest
                  | for the Orb.
     0 | D:1      | Reached XP level 1. HP: 13/13 MP: 3/3
   109 | D:1      | Reached skill level 3 in Air Magic
   109 | D:1      | Gained mutation: You are partially covered in thin metallic
                  | scales. (AC +2) [demonic ancestry]
   109 | D:1      | Reached XP level 2. HP: 6/19 MP: 0/5
   882 | D:1      | Learned a level 2 spell: Static Discharge
  1089 | D:1      | Reached XP level 3. HP: 20/24 MP: 2/6
  1798 | D:2      | Quit the game

Illustrated notes

Levels and vault maps discovered:
D:1:      amcnicky_arrival_flooded_fountain, layout_basic,
          hangedman_abyss_or_decor_lesser_grid, minmay_liquid_box,
          supply_closet_lemuel
D:2:      layout_rooms, basic_altar, grunt_ministairs_12

Skill      XL: |  1 |
---------------+----+-----
Air Magic      | 3 |  3.4
Fighting       | |  0.7
Dodging        | |  1.9
Stealth        | |  1.8
Spellcasting   | |  2.4
Conjurations   | |  1.8

Action                   || total
-------------------------++-------
Melee: Unarmed           ||    17
 Cast: Shock             ||    76
       Static Discharge  ||     2
  Use: Potion            ||     2
Armor: Robe              ||    11
Dodge: Dodged            ||    40

Table legend: (Time is in decaauts)
 A = Elapsed time spent in this place.
 B = Non-inter-level travel time spent in this place.
 C = Inter-level travel time spent in this place.
 D = Time resting spent in this place.
 E = Time spent auto-exploring this place.
 F = Levels seen in this place.
 G = Mean time per level.
                   A        B        C        D        E       F      G
               +--------+--------+--------+--------+--------+-----+--------+
         Total |   1798 |   1773 |     25 |    363 |   1130 |   2 |  899.0 |
       Dungeon |   1798 |   1773 |     25 |    363 |   1130 |   2 |  899.0 |
               +--------+--------+--------+--------+--------+-----+--------+

Top non-repeatable levels by time:
     D:1: 1583 daAuts
     D:2: 215 daAuts
